cohdb
Replays
Latest Replays
All Replays
Popular Replays
Top Player Replays
Match Explorer
How It Works
Community
CoH3 Stats
Reddit
Sign in to upload your games and track your stats! →
Sign in with Steam
Match 42757343
Unlisted
Match 42757343
Overview
Messages
Build Orders
End
Selects Italian Combined Arms Battlegroup
Selects Bersaglieri Squad
Bersaglieri Squad
Kradschützen Motorcycle Team
Panzerpioneer Squad
Bersaglieri Squad
Construct Light Support Kompanie
Bersaglieri Squad
Fire Support Elements
Selects Bersaglieri Bolster
Flakvierling Half-track
Panzerjäger Squad
MG34 Team
Construct Panzerarmee Kommand
Selects Breda Model 30 Light Machine Guns
2.5-tonne Medical Truck
Panzerjäger Squad
Panzerjäger Mechanized Group
Panzergrenadier Squad
Panzer III L Medium Tank
Panzer III L Medium Tank
Selects Semovente da 75/18 Assault Gun
Selects Strafing Run
Selects Artillery Cover
MG34 Team
Strafing Run
Panzer III L Medium Tank
Grand.G
UnnaStrich
0
0
Comments
sign in to comment!
No comments posted yet!